 Dungeon Crawl Stone Soup version 0.29-a0-668-g12ee2bf84d (webtiles) character file.

Game seed: 4446580739080110833

5387 bande the Cleaver (level 10, -1/63 HPs)
             Began as a Gargoyle Fighter on June 23, 2022.
             Was an Elder of Okawaru.
             Slain by a cane toad (11 damage)
             ... on level 1 of the Lair of Beasts.
             The game lasted 00:19:09 (10376 turns).

bande the Cleaver (Gargoyle Fighter)               Turns: 10376, Time: 00:19:10

Health: -1/63      AC: 23    Str: 21    XL:     10   Next: 66%
Magic:  0/14       EV:  6    Int:  8    God:    Okawaru [****..]
Gold:   618        SH:  6    Dex: 19    Spells: 9/9 levels left

rFire   . . .      SeeInvis .   a - +1 war axe
rCold   . . .      Faith    .   c - +0 buckler
rNeg    + . .      Spirit   +   k - +0 plate armour
rPois   ∞          Reflect  .   i - +0 helmet
rElec   +          Harm     .   (no cloak)
rCorr   .          Rampage  .   v - +0 pair of gloves
Will    .....                   (no boots)
Stlth   ..........              b - amulet of guardian spirit
HPRegen 0.20/turn               l - +6 ring of dexterity
MPRegen 0.14/turn               (no ring)

@: no status effects
A: sickness immunity, AC +7, negative energy resistance 1, electricity
resistance, torment resistance 1, petrification resistance
a: Renounce Religion, Heroism, Finesse


You were on level 1 of the Lair of Beasts.
You worshipped Okawaru.
Okawaru was greatly pleased with you.
You visited 3 branches of the dungeon, and saw 10 of its levels.

You collected 618 gold pieces.

Inventory:

Hand Weapons
 a - a +1 war axe (weapon)
 f - a +0 war axe
 s - a +2 mace of freezing
Armour
 c - a +0 buckler (worn)
 i - a +0 helmet (worn)
 k - a +0 plate armour (worn)
 v - a +0 pair of gloves (worn)
Jewellery
 b - an amulet of guardian spirit (around neck)
 l - a +6 ring of dexterity (left hand)
Wands
 n - a wand of polymorph (11)
 p - a wand of iceblast (3)
 t - a wand of paralysis (2)
Scrolls
 h - 3 scrolls of teleportation
 o - a scroll of magic mapping
 q - 4 scrolls of amnesia
 r - a scroll of fear
 u - 2 scrolls of fog
 y - a scroll of identify
Potions
 d - a potion of might
 e - a potion of heal wounds
 g - a potion of invisibility
 j - a potion of berserk rage
 m - 7 potions of curing
 w - a potion of ambrosia
 x - a potion of cancellation {unknown}


   Skills:
 + Level 7.3 Fighting
 + Level 9.5 Axes
 + Level 7.6 Armour
 - Level 0.1 Stealth
 + Level 5.9 Shields
 * Level 6.4 Invocations
 * Level 2.3 Evocations


You had 9 spell levels left.
You didn't know any spells.
Your spell library contained the following spells:

 Spells                   Type           Power      Damage    Failure   Level
 Magic Dart               Conj           0%         1d3       100%        1
 Sandblast                Erth           0%         2d4       100%        1
 Passwall                 Tmut/Erth      0%         N/A       100%        2
 Wereblood                Tmut           0%         N/A       100%        2
 Confusing Touch          Hex            0%         N/A       100%        3
 Mephitic Cloud           Conj/Pois/Air  0%         N/A       100%        3
 Portal Projectile        Hex/Tloc       0%         N/A       100%        3
 Stone Arrow              Conj/Erth      0%         3d7       100%        3
 Leda's Liquefaction      Hex/Erth       0%         N/A       100%        4
 Iskenderun's Battlesphe  Conj           0%         2d6       100%        5
 Yara's Violent Unravell  Hex/Tmut       0%         3d3       100%        5
 Iron Shot                Conj/Erth      0%         9d1       100%        6
 Enfeeble                 Hex            0%         N/A       100%        7
 Call Imp                 Summ           Unusable   N/A       N/A         2
 Sublimation of Blood     Necr           Unusable   N/A       N/A         2
 Call Canine Familiar     Summ           Unusable   N/A       N/A         3
 Spellforged Servitor     Conj/Summ      Unusable   N/A       N/A         7
 Summon Hydra             Summ           Unusable   N/A       N/A         7

Dungeon Overview and Level Annotations

Branches:
Dungeon (8/15)             Temple (1/1) D:4            Lair (1/6) D:8

Altars:
Ashenzari
Cheibriados
Dithmenos
Elyvilon
Fedhas
Gozag
Hepliaklqana
Kikubaaqudgha
Makhleb
Nemelex Xobeh
Okawaru
Qazlal
Ru
Sif Muna
Trog
Uskayaw
Vehumet
Wu Jian
Xom
Yredelemnul
Zin
The Shining One

Shops:
D:1 *   D:5 *


Innate Abilities, Weirdness & Mutations

You are immune to sickness and miasma.
Your stone body is resilient. (AC +7)
You are immune to poison.
You resist negative energy. (rN+)
You are resistant to electric shocks. (rElec)
You are resistant to unholy torment.
You are immune to petrification.


Message History

The cane toad is moderately wounded.
The cane toad stings you but does no damage.
You hit the cane toad.
The cane toad is heavily wounded.
The cane toad stings you.
You hit the cane toad.
The cane toad is heavily wounded.
You block the cane toad's attack.
You closely miss the cane toad.
The cane toad is heavily wounded.
The cane toad stings you! x2
You hear a roar!
You are too injured to fight recklessly!
You are too injured to fight recklessly!
You are too injured to fight recklessly!
You are too injured to fight recklessly!
You are too injured to fight recklessly!
You are too injured to fight recklessly!
You are too injured to fight recklessly!
You are too injured to fight recklessly!
You are too injured to fight recklessly!
You are too injured to fight recklessly!
You hit the cane toad but do no damage.
The cane toad is heavily wounded.
The cane toad stings you.
* * * LOW HITPOINT WARNING * * *
You slash the cane toad!
The cane toad is severely wounded.
The cane toad stings you!
* * * LOW HITPOINT WARNING * * *
A four-headed hydra comes into view.
You closely miss the cane toad.
The cane toad is severely wounded.
The cane toad stings you but does no damage.
You slash the cane toad!
The cane toad is almost dead.
You slice one of the four-headed hydra's heads off!
The three-headed hydra grows two more!
You slash the five-headed hydra! The cane toad stings you!
You die...

......................
....(................
..>...##..#.####....
......######.###...#
#.....##......#....#
......##......##...#
#..... #......##...#
.... #.......D...#
#......P#@..#
#......##.F$#
###..####...... #..#
#........ .....
....#.... ......
....##P.. ...... .....
... ....... ..


You could see a five-headed hydra and a cane toad.

Vanquished Creatures
  The ghost of Foxy the Slasher, a novice TrFi of Hepliaklqana (D:6)
  An elephant (D:8)
  Prince Ribbit (D:5)
  2 shadows (D:6)
  A yak (D:8)
  Eustachio (D:6)
  2 basilisks
  2 steam dragons
  Duvessa (D:7)
  4 water moccasins
  An orc warrior (D:8)
  3 sky beasts
  2 ice beasts (D:6)
  An ogre (D:6)
  4 centaurs
  A kobold brigand (D:8)
  3 bullfrogs
  A scorpion (D:4)
  8 wights (D:6)
  Dowan (D:7)
  6 howler monkeys
  2 jellies (D:6)
  5 hounds
  A gnoll shaman (D:6)
  2 orc priests
  2 iguanas (D:6)
  An orc wizard (D:4)
  14 gnolls
  7 adders
  A shadow imp (D:8)
  2 white imps
  2 ufetubi (D:7)
  4 worms
  4 dart slugs
  19 orcs
  8 bats
  4 endoplasms
  5 giant cockroaches
  4 goblins
  6 hobgoblins
  4 jackals
  3 quokkas
  5 ball pythons
  4 frilled lizards
  7 kobolds
  7 rats
170 creatures vanquished.

Vanquished Creatures (others)
  A sky beast (D:8)
  A white imp (D:8)
  4 plants (D:8)
6 creatures vanquished.

Grand Total: 176 creatures vanquished

Notes
Turn   | Place    | Note
-------+----------+-------------------------------------------
     0 | D:1      | bande the Gargoyle Fighter began the quest for the Orb.
     0 | D:1      | Reached XP level 1. HP: 14/14 MP: 1/1
   479 | D:1      | Reached XP level 2. HP: 16/19 MP: 2/2
   590 | D:1      | Found Xofitaad's Assorted Antiques.
   629 | D:1      | Reached skill level 2 in Axes
   729 | D:1      | Found a faded altar of an unknown god.
  1236 | D:2      | Reached XP level 3. HP: 23/23 MP: 3/3
  1820 | D:2      | Reached XP level 4. HP: 29/29 MP: 4/4
  1930 | D:2      | Identified the +8 spear "Niapop" {flame, *Slow rElec rPois
                  | Str+4}
  1958 | D:2      | You fall into a shaft and drop 1 floor!
  2302 | D:3      | Noticed a centaur
  2309 | D:3      | Killed a centaur
  2310 | D:3      | Reached skill level 3 in Axes
  2310 | D:3      | Reached XP level 5. HP: 26/33 MP: 3/5
  3086 | D:4      | Found a staircase to the Ecumenical Temple.
  3103 | Temple   | Entered the Ecumenical Temple
  3413 | D:4      | Reached skill level 4 in Axes
  3413 | D:4      | Reached XP level 6. HP: 38/38 MP: 6/6
  4355 | D:4      | Found a shadowy altar of Dithmenos.
  4355 | D:4      | Found an iron altar of Okawaru.
  4391 | D:4      | Became a worshipper of Warmaster Okawaru
  4474 | D:4      | Reached XP level 7. HP: 42/44 MP: 7/7
  4604 | D:5      | Entered Level 5 of the Dungeon
  4607 | D:5      | Found a stormy altar of Qazlal.
  4651 | D:5      | Reached skill level 5 in Axes
  4651 | D:5      | Reached skill level 1 in Invocations
  4859 | D:5      | Reached skill level 5 in Armour
  4916 | D:5      | Found Tilupelu's Elemental Accessories.
  5136 | D:5      | Noticed Prince Ribbit
  5152 | D:5      | Killed Prince Ribbit
  5152 | D:5      | Reached * piety under Okawaru
  5153 | D:5      | Reached XP level 8. HP: 27/48 MP: 4/9
  5574 | D:5      | Reached skill level 5 in Fighting
  5574 | D:5      | Reached skill level 6 in Axes
  5803 | D:6      | Reached skill level 5 in Shields
  5842 | D:6      | Noticed a shadow
  5860 | D:6      | Killed a shadow
  5949 | D:6      | Reached ** piety under Okawaru
  6249 | D:6      | Found a radiant altar of Vehumet.
  6264 | D:6      | Reached skill level 7 in Axes
  6268 | D:6      | Reached XP level 9. HP: 43/55 MP: 7/11
  6370 | D:6      | Noticed Eustachio
  6387 | D:6      | Killed Eustachio
  7001 | D:6      | Reached skill level 8 in Axes
  7001 | D:6      | Reached skill level 5 in Invocations
  7117 | D:6      | Found an opulent altar of Gozag.
  7423 | D:6      | Found a runed translucent door.
  7428 | D:6      | Noticed Foxy's ghost (novice TrFi)
  7442 | D:6      | Killed Foxy's ghost
  7442 | D:6      | Reached *** piety under Okawaru
  7679 | D:7      | Reached XP level 10. HP: 57/61 MP: 14/14
  7857 | D:7      | Noticed Duvessa
  7871 | D:7      | Killed Duvessa
  7890 | D:7      | Reached **** piety under Okawaru
  7891 | D:7      | Reached skill level 1 in Evocations
  8160 | D:7      | Noticed Dowan
  8170 | D:7      | Killed Dowan
  8171 | D:7      | Reached skill level 9 in Axes
  9133 | D:8      | Paralysed by a centaur for 3 turns
  9459 | D:8      | Noticed an elephant
  9483 | D:8      | Killed an elephant
  9483 | D:8      | Received a gift from Okawaru
  9520 | D:8      | Found a staircase to the Lair.
 10102 | D:8      | Identified the +0 helmet of the Goldsmith {Harm rPois Int-4
                  | Dex+3}
 10256 | Lair:1   | Entered Level 1 of the Lair of Beasts
 10356 | Lair:1   | Noticed a cane toad
 10374 | Lair:1   | Noticed a four-headed hydra
 10376 | Lair:1   | Slain by a cane toad

Illustrated notes

Levels and vault maps discovered:
D:1:      dpeg_arrival_lava_temple_mockup, layout_loops_ring, serial_glass,
          glass_columns_c, glass_columns_b, glass_columns_a, glass_columns_a,
          glass_columns_c, glass_columns_a, shapermc_ecumenical_altar_ellora,
          serial_shops, nicolae_shop_hallway_plus, minmay_misc_feat_ornament
D:2:      layout_rooms, serial_park_tiny_2, kennysheep_generic_room_5
D:3:      layout_basic
D:4:      nicolae_cairo_tiling_large_dashed, layout_basic, minitemple,
          minmay_temple_entry_offerings
D:5:      layout_loops_ring, amcnicky_altar_gilded, nicolae_elemental_shop,
          uniq_prince_ribbit1
D:6:      layout_basic, fiery_altar_vehumet,
          nicolae_gozag_cash_rules_everything_around_me,
          ebering_ghost_reflecting_pool, grunt_potential, uniq_eustachio
D:7:      layout_loops_ring, serial_glass, glass_columns_a, glass_columns_a,
          due_unseen_surprise, item_on_display_a, item_on_display_a,
          uniq_duvessa
D:8:      layout_rooms, david_lair_generic
Temple:   minmay_crystal_spiral_temple
Lair:1:   minmay_guarded_unrand_snakebite, layout_regular_city,
          serial_bayou_pond_d

Skill      XL: |  1  2  3  4  5  6  7  8  9 10 |
---------------+-------------------------------+-----
Axes           | 2 3 4 5 7 8 9 |  9.5
Armour         | 4 5 6 7 |  7.6
Shields        | 4 5 |  5.9
Fighting       | 4 5 6 7 |  7.3
Invocations    | 2 3 5 6 |  6.4
Evocations     | 2 |  2.3
Stealth        | |  0.1

Action                   |  1- 3 |  4- 6 |  7- 9 | 10-12 || total
-------------------------+-------+-------+-------+-------++-------
Melee: War axe           |   142 |   134 |   246 |   216 ||   738
  Use: Scroll            |       |    10 |     6 |     5 ||    21
Armor: Chain mail        |    86 |       |       |       ||    86
       Plate armour      |    13 |   132 |   146 |   150 ||   441
Dodge: Dodged            |    62 |    46 |    81 |    58 ||   247
Block: Buckler           |    36 |    52 |    67 |    46 ||   201

Table legend: (Time is in decaauts)
 A = Elapsed time spent in this place.
 B = Non-inter-level travel time spent in this place.
 C = Inter-level travel time spent in this place.
 D = Time resting spent in this place.
 E = Time spent auto-exploring this place.
 F = Levels seen in this place.
 G = Mean time per level.
                   A        B        C        D        E       F      G
               +--------+--------+--------+--------+--------+-----+--------+
         Total |  10553 |  10312 |    241 |   2659 |   5524 |  10 | 1055.3 |
       Dungeon |  10222 |  10064 |    158 |   2659 |   5320 |   8 | 1277.8 |
        Temple |    210 |    127 |     83 |      0 |    111 |   1 |  210.0 |
          Lair |    120 |    120 |      0 |      0 |     93 |   1 |  120.0 |
               +--------+--------+--------+--------+--------+-----+--------+

Top non-repeatable levels by time:
     D:6: 1928 daAuts
     D:7: 1681 daAuts
     D:3: 1362 daAuts
     D:1: 1204 daAuts
     D:5: 1119 daAuts
     D:2: 1008 daAuts
     D:8: 987 daAuts
     D:4: 929 daAuts
  Temple: 210 daAuts
  Lair:1: 120 daAuts
